 Dungeon Crawl Stone Soup version 0.32-a0-898-g7811c86cf0 (webtiles) character file.

Game seed: 5546114524100254178

49 Ajdolov the Magician (level 3, 0/24 HPs)
             Began as a Mummy Alchemist on Apr 4, 2024.
             Slain by Sigmund
             ... wielding a +0 scythe
              (7 damage)
             ... on level 2 of the Dungeon.
             The game lasted 00:02:31 (1480 turns).

Ajdolov the Magician (Mummy Alchemist)              Turns: 1480, Time: 00:02:32

Health: 0/24       AC:  4    Str: 11    XL:     3   Next: 51%
Magic:  7/8        EV: 11    Int: 16    God:
Gold:   36         SH:  0    Dex: 12    Spells: 9/10 levels left

rFire   x . .        c - +4 short sword (venom)
rCold   + . .        (no shield)
rNeg    + + +        a - +0 robe
rPois   ∞            i - +2 hat
rElec   .            (no cloak)
rCorr   .            (no gloves)
SInv    .            (no boots)
Will    .....        (no amulet)
Stlth   ++           (no ring)
HPRegen 0.24/turn    (no ring)
MPRegen 0.11/turn

%: faith
@: no status effects
A: cold resistance 1, negative energy resistance 3, torment resistance 2, heat
vulnerability 1, in touch with death 1, no potions, faith
a: no special abilities


You were on level 2 of the Dungeon.
You visited 1 branch of the dungeon, and saw 2 of its levels.

You collected 36 gold pieces.

Inventory:

Hand Weapons
 c - a +4 short sword of venom (weapon)
Armour
 a - a +0 robe (worn)
 e - a +2 buckler of protection
 i - a +2 hat (worn)
Scrolls
 b - a scroll of teleportation {unknown}
 d - a scroll of identify {unknown}
 f - a scroll of immolation {unknown}
 g - a scroll of enchant weapon {unknown}
 h - a scroll of vulnerability {unknown}


   Skills:
 - Level 1.5 Dodging
 - Level 1.5 Stealth
 + Level 4.0 Spellcasting
 - Level 0.7 Conjurations
 + Level 3.1 Alchemy


You had 9 spell levels left.
You knew the following spells:

 Your Spells              Type           Power      Damage    Failure   Level
a - Sting                 Conj/Alch      36%        1d5       8%          1

Your spell library contained the following spells:

 Spells                   Type           Power      Damage    Failure   Level
 Mercury Vapours          Alch/Air       16%        N/A       13%         2
 Mephitic Cloud           Conj/Alch/Air  7%         N/A       30%         3
 Olgreb's Toxic Radiance  Alch           13%        N/A       41%         4
 Maxwell's Portable Pile  Tloc           3%         2d(5-14)  45%         3
 Sticky Flame             Fire/Alch      8%         2d4       65%         4
 Arcjolt                  Conj/Air       2%         1d12      99%         5
 Maxwell's Capacitive Co  Air            1%         ∞         100%        8


Dungeon Overview and Level Annotations

Branches:
Dungeon (2/15)

Altars:

Annotations:
D:2 Sigmund


Innate Abilities, Weirdness & Mutations

You are immune to poison.
Your flesh is cold resistant. (rC+)
You are immune to negative energy. (rN+++)
You are immune to unholy pain and torment.
You are vulnerable to heat. (rF-)
You are in touch with the powers of death.
You do not drink.
You have a special connection with the divine. (Faith)


Message History

The sting hits the ball python.
The ball python is poisoned.
The ball python is severely wounded.
You kill the ball python!
You see here a ball python corpse.
You enter the shallow water.
Moving in this stuff is going to be slow.
You enter the shallow water.
Moving in this stuff is going to be slow.
You enter the shallow water.
Moving in this stuff is going to be slow.
A goblin is nearby!
A ball python comes into view.
Found a ring mail.
The sting hits the goblin.
The goblin is poisoned.
You kill the goblin!
Sigmund shouts!
The ball python hisses angrily.
Your Spellcasting skill increases to level 4!
The sting hits the ball python.
The ball python is poisoned.
You kill the ball python!
You start memorising the spell.
You continue memorising. x2
Sigmund gestures at you while chanting.
Your memorisation is interrupted.
The puff of flame hits you! The fire burns you terribly!
You start resting.
Sigmund is nearby!
Casting: Sting (safe; 8% risk of failure)
Confirm with . or Enter, or press ? or * to list all spells.
Okay, then.
You hit Sigmund.
Sigmund is poisoned.
Sigmund is lightly wounded.
Sigmund hits you with a +0 scythe!
* * * LOW HITPOINT WARNING * * *
Unknown command.
You barely miss Sigmund.
Sigmund is lightly wounded.
You hit Sigmund.
Sigmund looks as sick as possible!
Sigmund is moderately wounded.
Sigmund hits you with a +0 scythe!
You die...
Sigmund begins carving another notch in his scythe.

.......##.....@.#
.......''.......#
##.....##.....$.#
#.....##......[#
#...... #.# #@####
.###.†..##
...'...##@.##
...##..#@...# ~
###..#....# ~~~...ß..ß#
≈≈~~~~ß..ß#
≈≈≈≈≈~~..~#### ##
~~~≈≈≈≈≈..~~~~####
####~
.~~~~≈≈..≈≈≈~~~~###~~~~
.###~~~..≈≈≈≈≈≈~~~~~≈≈≈
.....~..~~~≈≈≈≈≈≈≈≈≈≈≈


You could see Sigmund (extremely poisoned).

Vanquished Creatures
  A gnoll (D:1)
  An adder (D:2)
  2 dart slugs (D:1)
  3 bats
  An endoplasm (D:1)
  A giant cockroach (D:1)
  4 goblins
  3 quokkas (D:1)
  3 ball pythons
  2 frilled lizards (D:1)
  4 kobolds
  A rat (D:1)
26 creatures vanquished.

Notes
Turn   | Place    | Note
-------+----------+-------------------------------------------
     0 | D:1      | Ajdolov the Mummy Alchemist began the quest for the Orb.
     0 | D:1      | Reached XP level 1. HP: 13/13 MP: 4/4
   168 | D:1      | Reached skill level 3 in Spellcasting
   289 | D:1      | Reached XP level 2. HP: 8/19 MP: 0/6
   729 | D:1      | Reached XP level 3. HP: 24/24 MP: 6/8
  1283 | D:2      | Noticed Sigmund
  1467 | D:2      | Reached skill level 4 in Spellcasting
  1480 | D:2      | Slain by Sigmund

Illustrated notes

Levels and vault maps discovered:
D:1:      minmay_arrival_loop, layout_basic
D:2:      wander_river, layout_basic, nicolae_figureground_sparkle, uniq_robin,
          uniq_sigmund, uniq_terence

Skill      XL: |  1  2  3 |
---------------+----------+-----
Spellcasting   | 3 4 |  4.0
Alchemy        | 3 |  3.1
Dodging        | |  1.5
Stealth        | |  1.5
Conjurations   | |  0.7

Action                     || total
---------------------------++-------
  Melee: Unarmed           ||     1
         Spear             ||     5
         Short sword       ||     3
   Cast: Sting             ||    48
 Armour: Robe              ||    13
  Dodge: Dodged            ||    11

Table legend: (Time is in decaauts)
 A = Elapsed time spent in this place.
 B = Non-inter-level travel time spent in this place.
 C = Inter-level travel time spent in this place.
 D = Time resting spent in this place.
 E = Time spent auto-exploring this place.
 F = Levels seen in this place.
 G = Mean time per level.
                   A        B        C        D        E       F      G
               +--------+--------+--------+--------+--------+-----+--------+
         Total |   1492 |   1398 |     94 |     47 |   1113 |   2 |  746.0 |
       Dungeon |   1492 |   1398 |     94 |     47 |   1113 |   2 |  746.0 |
               +--------+--------+--------+--------+--------+-----+--------+

Top non-repeatable levels by time:
     D:1: 1187 daAuts
     D:2: 304 daAuts
